[ AOE2 MATCH · #506888153 ]
UnrankedAztecs vs Vietnamese
Player's team · LOSS
Rival team · WIN
[ REPLAY ANALYSIS · EXTRACTED FROM THE RECORDED GAME ]
Feudal
13:27
Castle
23:49
Imperial
—
| APM avg | 38.2 |
| APM peak | 90 |
| eAPM avg | 17.9 |
| Villagers / military | 76 / 55 |
Focus
⚔️ 29.5% · 🌾 70.5%
Archer ×40 · Spearman ×7 · Militia ×6 · Mangonel ×1 · Battering Ram ×1
Feudal
11:37
Castle
29:57
Imperial
—
| APM avg | 62.1 |
| APM peak | 100 |
| eAPM avg | 22.0 |
| Villagers / military | 82 / 123 |
Focus
⚔️ 31.1% · 🌾 68.9%
Scout Cavalry ×75 · Skirmisher ×45 · Archer ×3
Match map
Initial resources + every placement click. Lines = walls · curves = elevation contours. ◆ gold · ⬟ stone · ● berries · ✦ relic · ◌ wall gap
Your base· Open — 8t gap
0LeMat's base· Open — 5t gap
Smoothed initial terrain · ◌ = detected wall gap · hover for details
Inputs per minute
— hitman_aoe - - 0LeMat
Build order — hitman_aoe
First 150 of 229 actions detected
| 0:13 | Build | Town Center |
| 0:33 | Build | Palisade Wall |
| 0:36 | Build | Palisade Wall |
| 0:38 | Build | Palisade Wall |
| 0:39 | Build | Palisade Wall |
| 1:56 | Build | House |
| 2:20 | Research | Loom |
| 2:25 | Queue | Villager (Male) |
| 2:26 | Queue | Villager (Male) |
| 2:31 | Build | Palisade Wall |
| 2:38 | Queue | Villager (Male) |
| 2:38 | Queue | Villager (Male) |
| 3:09 | Build | House |
| 4:19 | Queue | Villager (Male) |
| 4:38 | Queue | Villager (Male) |
| 5:01 | Build | House |
| 5:23 | Queue | Villager (Male) |
| 5:39 | Build | House |
| 5:58 | Queue | Villager (Male) |
| 5:58 | Queue | Villager (Male) |
| 5:58 | Queue | Villager (Male) |
| 6:17 | Build | House |
| 6:40 | Queue | Villager (Male) |
| 7:09 | Queue | Villager (Male) |
| 7:12 | Build | Barracks |
| 7:41 | Queue | Villager (Male) |
| 7:50 | Build | Palisade Wall |
| 7:51 | Build | Palisade Wall |
| 7:52 | Build | Palisade Wall |
| 7:55 | Queue | Villager (Male) |
| 8:21 | Build | Mining Camp |
| 8:24 | Queue | Militia |
| 8:24 | Queue | Militia |
| 8:35 | Queue | Villager (Male) |
| 9:00 | Build | House |
| 9:03 | Queue | Militia |
| 9:18 | Build | House |
| 9:24 | Queue | Villager (Male) |
| 10:16 | Queue | Villager (Male) |
| 10:34 | Build | House |
| 10:48 | Queue | Villager (Male) |
| 11:08 | Build | House |
| 11:17 | Research | Feudal Age |
| 12:12 | Build | Mill |
| 12:22 | Build | Palisade Wall |
| 12:26 | Build | House |
| 12:31 | Build | Palisade Gate |
| 12:50 | Build | Palisade Wall |
| 12:57 | Queue | Villager (Male) |
| 13:01 | Build | Palisade Wall |
| 13:16 | Build | Palisade Wall |
| 13:27 | Age | Feudal Age |
| 13:30 | Research | Man-at-Arms (upgrade) |
| 13:47 | Build | Archery Range |
| 13:50 | Queue | Villager (Male) |
| 13:56 | Build | House |
| 14:04 | Build | Lumber Camp |
| 14:08 | Queue | Villager (Male) |
| 14:36 | Queue | Villager (Male) |
| 14:39 | Build | Farm |
| 14:40 | Build | Farm |
| 14:49 | Queue | Villager (Male) |
| 14:51 | Queue | Archer |
| 14:59 | Research | Double-Bit Axe |
| 15:01 | Queue | Villager (Male) |
| 15:09 | Queue | Archer |
| 15:24 | Build | Farm |
| 15:28 | Build | Farm |
| 15:30 | Build | Farm |
| 16:08 | Build | Farm |
| 16:09 | Build | Farm |
| 16:12 | Queue | Villager (Male) |
| 16:15 | Build | Farm |
| 16:46 | Build | Farm |
| 16:50 | Build | Farm |
| 16:51 | Queue | Villager (Male) |
| 17:07 | Build | Farm |
| 17:10 | Build | Blacksmith |
| 17:16 | Queue | Archer |
| 17:28 | Queue | Villager (Male) |
| 17:32 | Queue | Villager (Male) |
| 17:36 | Build | Farm |
| 17:39 | Build | Farm |
| 17:45 | Research | Horse Collar |
| 17:50 | Queue | Villager (Male) |
| 17:57 | Build | House |
| 18:08 | Queue | Villager (Male) |
| 18:16 | Build | Market |
| 18:22 | Queue | Archer |
| 18:30 | Build | Farm |
| 18:36 | Build | House |
| 19:36 | Queue | Villager (Male) |
| 19:36 | Queue | Villager (Male) |
| 19:38 | Build | Farm |
| 19:56 | Queue | Archer |
| 20:08 | Queue | Militia |
| 20:08 | Queue | Militia |
| 20:34 | Build | Mining Camp |
| 21:09 | Research | Castle Age |
| 21:42 | Queue | Militia |
| 21:50 | Queue | Archer |
| 22:16 | Queue | Villager (Male) |
| 22:39 | Queue | Villager (Male) |
| 22:43 | Queue | Spearman |
| 22:59 | Queue | Archer |
| 23:09 | Queue | Archer |
| 23:10 | Queue | Archer |
| 23:23 | Queue | Spearman |
| 23:28 | Queue | Archer |
| 23:49 | Age | Castle Age |
| 23:54 | Research | Fletching |
| 24:04 | Research | Crossbowman (upgrade) |
| 24:14 | Build | Town Center |
| 24:24 | Queue | Villager (Male) |
| 24:33 | Build | House |
| 24:55 | Queue | Archer |
| 24:55 | Queue | Archer |
| 25:06 | Queue | Archer |
| 25:10 | Queue | Villager (Male) |
| 25:15 | Research | Bodkin Arrow |
| 25:20 | Build | Farm |
| 25:29 | Queue | Villager (Male) |
| 25:37 | Build | Farm |
| 25:41 | Queue | Archer |
| 25:53 | Queue | Villager (Male) |
| 25:57 | Queue | Villager (Male) |
| 26:13 | Queue | Archer |
| 26:46 | Queue | Villager (Male) |
| 26:46 | Queue | Villager (Male) |
| 26:52 | Build | University |
| 26:54 | Queue | Villager (Male) |
| 27:07 | Queue | Villager (Male) |
| 27:34 | Queue | Villager (Male) |
| 27:34 | Queue | Villager (Male) |
| 27:46 | Build | Siege Workshop |
| 28:02 | Queue | Villager (Male) |
| 28:02 | Queue | Villager (Male) |
| 28:03 | Build | Farm |
| 28:34 | Research | Ballistics |
| 28:38 | Queue | Villager (Male) |
| 28:38 | Queue | Villager (Male) |
| 28:55 | Queue | Archer |
| 28:55 | Queue | Archer |
| 29:03 | Build | House |
| 29:04 | Build | House |
| 29:45 | Queue | Archer |
| 29:45 | Queue | Archer |
| 29:58 | Queue | Battering Ram |
| 29:58 | Queue | Villager (Male) |
| 29:59 | Queue | Villager (Male) |
Build order — 0LeMat
First 150 of 353 actions detected
| 0:07 | Build | Town Center |
| 0:26 | Build | House |
| 0:28 | Build | House |
| 0:48 | Build | House |
| 1:51 | Queue | Villager (Male) |
| 1:52 | Queue | Villager (Male) |
| 1:52 | Queue | Villager (Male) |
| 1:52 | Queue | Villager (Male) |
| 1:52 | Queue | Villager (Male) |
| 1:57 | Build | House |
| 2:10 | Build | House |
| 3:28 | Build | Palisade Gate |
| 3:37 | Build | Palisade Gate |
| 3:47 | Queue | Villager (Male) |
| 4:18 | Queue | Villager (Male) |
| 4:19 | Queue | Villager (Male) |
| 4:19 | Queue | Villager (Male) |
| 4:49 | Queue | Villager (Male) |
| 4:54 | Research | Loom |
| 5:40 | Queue | Villager (Male) |
| 5:40 | Queue | Villager (Male) |
| 5:40 | Queue | Villager (Male) |
| 5:54 | Build | Mill |
| 6:12 | Queue | Villager (Male) |
| 6:12 | Queue | Villager (Male) |
| 6:13 | Queue | Villager (Male) |
| 6:32 | Queue | Villager (Male) |
| 6:41 | Build | Mill |
| 6:49 | Build | House |
| 7:31 | Queue | Villager (Male) |
| 8:03 | Build | Lumber Camp |
| 8:27 | Queue | Villager (Male) |
| 9:18 | Build | House |
| 9:27 | Research | Feudal Age |
| 9:27 | Research | Feudal Age |
| 9:35 | Build | Farm |
| 9:47 | Build | Farm |
| 10:21 | Build | Farm |
| 11:06 | Queue | Villager (Male) |
| 11:12 | Build | Barracks |
| 11:37 | Age | Feudal Age |
| 11:38 | Research | Double-Bit Axe |
| 11:58 | Build | Stable |
| 12:04 | Queue | Villager (Male) |
| 12:22 | Queue | Villager (Male) |
| 12:39 | Queue | Scout Cavalry |
| 12:39 | Queue | Scout Cavalry |
| 12:39 | Queue | Scout Cavalry |
| 12:41 | Queue | Villager (Male) |
| 12:50 | Build | Farm |
| 12:53 | Build | Farm |
| 12:58 | Build | Farm |
| 13:06 | Build | Farm |
| 13:09 | Research | Horse Collar |
| 13:14 | Build | House |
| 13:15 | Build | House |
| 13:22 | Build | Farm |
| 13:24 | Queue | Villager (Male) |
| 13:55 | Queue | Villager (Male) |
| 14:09 | Queue | Scout Cavalry |
| 14:20 | Build | Farm |
| 14:20 | Build | Farm |
| 14:20 | Build | Farm |
| 14:20 | Build | Farm |
| 14:28 | Queue | Villager (Male) |
| 14:59 | Queue | Villager (Male) |
| 15:02 | Build | Archery Range |
| 15:23 | Build | Mining Camp |
| 15:26 | Queue | Villager (Male) |
| 15:47 | Queue | Villager (Male) |
| 15:51 | Build | Palisade Wall |
| 15:51 | Build | Palisade Wall |
| 15:53 | Build | Palisade Wall |
| 15:55 | Build | Palisade Wall |
| 15:56 | Build | Palisade Wall |
| 16:02 | Queue | Villager (Male) |
| 16:07 | Queue | Skirmisher |
| 16:34 | Queue | Skirmisher |
| 16:38 | Queue | Villager (Male) |
| 16:41 | Build | Blacksmith |
| 16:45 | Build | House |
| 17:01 | Queue | Villager (Male) |
| 17:01 | Queue | Villager (Male) |
| 17:19 | Research | Fletching |
| 17:23 | Queue | Skirmisher |
| 17:29 | Queue | Scout Cavalry |
| 17:47 | Build | Palisade Wall |
| 17:50 | Queue | Villager (Male) |
| 17:51 | Build | Palisade Wall |
| 17:52 | Build | Palisade Wall |
| 17:59 | Queue | Archer |
| 18:06 | Build | House |
| 18:14 | Queue | Scout Cavalry |
| 18:17 | Queue | Archer |
| 18:22 | Research | Forging |
| 19:00 | Queue | Scout Cavalry |
| 19:14 | Queue | Villager (Male) |
| 19:31 | Queue | Scout Cavalry |
| 19:38 | Build | Farm |
| 19:38 | Build | Farm |
| 19:39 | Build | Farm |
| 19:39 | Build | Farm |
| 19:39 | Build | Farm |
| 19:39 | Build | Farm |
| 19:39 | Build | Farm |
| 19:40 | Build | Farm |
| 19:40 | Build | Farm |
| 19:46 | Build | Lumber Camp |
| 19:49 | Queue | Villager (Male) |
| 19:53 | Build | Farm |
| 20:25 | Queue | Villager (Male) |
| 20:27 | Queue | Archer |
| 20:30 | Build | House |
| 20:31 | Build | House |
| 20:32 | Build | House |
| 20:36 | Build | Farm |
| 20:36 | Build | Farm |
| 20:36 | Build | Farm |
| 20:36 | Build | Farm |
| 20:39 | Queue | Villager (Male) |
| 21:07 | Queue | Villager (Male) |
| 21:44 | Queue | Scout Cavalry |
| 21:47 | Queue | Villager (Male) |
| 21:49 | Build | Stable |
| 21:53 | Build | Mill |
| 21:54 | Build | Farm |
| 21:54 | Build | Farm |
| 21:55 | Build | Farm |
| 21:55 | Build | Farm |
| 21:55 | Build | Farm |
| 22:17 | Queue | Scout Cavalry |
| 22:17 | Queue | Scout Cavalry |
| 22:36 | Queue | Scout Cavalry |
| 22:36 | Queue | Scout Cavalry |
| 22:37 | Queue | Villager (Male) |
| 22:41 | Build | Stable |
| 22:44 | Queue | Villager (Male) |
| 22:44 | Queue | Villager (Male) |
| 22:58 | Queue | Scout Cavalry |
| 23:17 | Queue | Scout Cavalry |
| 23:17 | Queue | Scout Cavalry |
| 23:30 | Build | Farm |
| 23:30 | Build | Farm |
| 23:30 | Build | Farm |
| 23:31 | Build | Farm |
| 23:31 | Build | Farm |
| 23:31 | Build | Farm |
| 23:32 | Build | Farm |
| 23:35 | Queue | Villager (Male) |
| 23:35 | Queue | Villager (Male) |
Match timeline
| 0:33 | hitman_aoe · wall_segment Palisade Wall x1 |
| 0:36 | hitman_aoe · wall_segment Palisade Wall x1 |
| 0:38 | hitman_aoe · wall_segment Palisade Wall x1 |
| 0:39 | hitman_aoe · wall_segment Palisade Wall x1 |
| 2:31 | hitman_aoe · wall_segment Palisade Wall x1 |
| 7:12 | hitman_aoe · first_building Barracks |
| 7:50 | hitman_aoe · wall_segment Palisade Wall x1 |
| 7:51 | hitman_aoe · wall_segment Palisade Wall x1 |
| 7:52 | hitman_aoe · wall_segment Palisade Wall x1 |
| 11:12 | 0LeMat · first_building Barracks |
| 11:37 | 0LeMat · age_up feudal |
| 11:58 | 0LeMat · first_building Stable |
| 12:22 | hitman_aoe · wall_segment Palisade Wall x8 |
| 12:50 | hitman_aoe · wall_segment Palisade Wall x4 |
| 13:01 | hitman_aoe · wall_segment Palisade Wall x1 |
| 13:16 | hitman_aoe · wall_segment Palisade Wall x1 |
| 13:27 | hitman_aoe · age_up feudal |
| 13:47 | hitman_aoe · first_building Archery Range |
| 15:02 | 0LeMat · first_building Archery Range |
| 15:51 | 0LeMat · wall_segment Palisade Wall x1 |
| 15:51 | 0LeMat · wall_segment Palisade Wall x1 |
| 15:53 | 0LeMat · wall_segment Palisade Wall x1 |
| 15:55 | 0LeMat · wall_segment Palisade Wall x8 |
| 15:56 | 0LeMat · wall_segment Palisade Wall x3 |
| 17:47 | 0LeMat · wall_segment Palisade Wall x13 |
| 17:51 | 0LeMat · wall_segment Palisade Wall x1 |
| 17:52 | 0LeMat · wall_segment Palisade Wall x4 |
| 19:46 | hitman_aoe · first_market_buy 100 food |
| 19:48 | hitman_aoe · first_market_sell 100 wood |
| 23:49 | hitman_aoe · age_up castle |
| 27:01 | 0LeMat · wall_segment Stone Wall x1 |
| 27:15 | 0LeMat · first_market_sell 100 food |
| 27:46 | hitman_aoe · first_building Siege Workshop |
| 29:57 | 0LeMat · age_up castle |
| 38:05 | 0LeMat · first_market_buy 100 wood |
| 40:22 | hitman_aoe · first_building Castle |
| 41:27 | hitman_aoe · resign |
[ AI ANALYSIS · 1 CREDIT ]
What really happened in this match?
Wolo.gg analyzes every decision: build order, eco, micro, common mistakes by bracket. Personalized analysis on WhatsApp or Discord in 30 seconds.
Civ guide
Aztecs
Perfil
hitman_aoe